 Dungeon Crawl Stone Soup version 0.28.0 (webtiles) character file.

Game seed: 3221639627678481453

684 Akaron the Firebug (level 7, -4/42 HPs)
             Began as an Octopode Fire Elementalist on Feb 6, 2022.
             Slain by Pikel (18 damage)
             ... on level 4 of the Dungeon.
             The game lasted 00:16:41 (5259 turns).

Akaron the Firebug (Octopode Fire Elementalist)     Turns: 5259, Time: 00:16:42

Health: -4/42      AC:  1    Str:  8    XL:     7   Next: 62%
Magic:  6/13       EV: 14    Int: 19    God:
Gold:   165        SH:  0    Dex: 12    Spells: 4/14 levels left

rFire   . . .      SeeInvis .   n - +2 dagger (vamp)
rCold   . . .      Faith    .   (no shield)
rNeg    + . .      Spirit   .   (helmet restricted)
rPois   .          Reflect  .   d - amulet of the acrobat
rElec   .          Harm     .   l - ring of positive energy
rCorr   .          Rampage  .   (no ring)
Will    .....                   (no ring)
Stlth   +++.......              (no ring)
HPRegen 0.14/turn               (no ring)
MPRegen 0.13/turn               (no ring)
                                (no ring)
                                (no ring)

@: no status effects
A: almost no armour, amphibious, 8 rings, camouflage 1, gelatinous body 1,
(nimble swimmer 1), tentacles
a: no special abilities


You were on level 4 of the Dungeon.
You visited 1 branch of the dungeon, and saw 5 of its levels.

You collected 165 gold pieces.

Inventory:

Hand Weapons
 e - a +1 dagger of draining
 n - a +2 vampiric dagger (weapon)
Jewellery
 d - an amulet of the acrobat (around mantle)
 l - a ring of positive energy (left tentacle)
Wands
 j - a wand of flame (39)
Scrolls
 b - 2 scrolls of noise
 f - 2 scrolls of identify {unknown}
 m - 2 scrolls of enchant weapon {unknown}
 p - 2 scrolls of silence
Potions
 a - a potion of degeneration {unknown}
 c - a potion of invisibility {unknown}
 g - a potion of lignification {unknown}
 h - a potion of mutation {unknown}
 i - a potion of heal wounds {unknown}
 o - a potion of attraction {unknown}


   Skills:
 + Level 0.4 Fighting
 + Level 1.6 Short Blades
 * Level 3.7 Dodging
 - Level 2.6 Stealth
 + Level 4.3 Spellcasting
 + Level 3.8 Conjurations
 + Level 5.0 Fire Magic


You had 4 spell levels left.
You knew the following spells:

 Your Spells              Type           Power      Damage    Failure   Level
a - Foxfire               Conj/Fire      80%        2x1d8     2%          1
b - Scorch                Fire           46%        2d7       2%          2
c - Conjure Flame         Conj/Fire      20%        6-21      6%          3
d - Flame Wave            Conj/Fire      20%        2d7       22%         4

Your spell library contained the following spells:

 Spells                   Type           Power      Damage    Failure   Level
 Static Discharge         Conj/Air       11%        N/A       10%         2
 Inner Flame              Hex/Fire       13%        N/A       14%         3
 Ensorcelled Hibernation  Hex/Ice        8%         N/A       21%         2
 Spider Form              Tmut/Pois      4%         N/A       36%         3
 Anguish                  Hex/Necr       2%         N/A       78%         4
 Lightning Bolt           Conj/Air       5%         1d17      86%         5
 Dispersal                Tloc           2%         N/A       100%        6
 Disjunction              Tloc           2%         N/A       100%        8
 Maxwell's Capacitive Co  Air            2%         ∞         100%        8


Dungeon Overview and Level Annotations

Branches:
Dungeon (5/15)
 Temple: D:4-7

Altars:

Annotations:
D:4 1 runed translucent door, Menkaure, Pikel


Innate Abilities, Weirdness & Mutations

You cannot wear most types of armour.
You are amphibious.
You can wear up to eight rings at the same time.
Your skin changes colour to match your surroundings (Stealth+).
Your rubbery body absorbs attacks. (AC +1, EV +1)
((You are camouflaged when in or above water. (Stealth+)))
You have tentacles for arms and can constrict up to eight enemies at once.


Message History

You conjure some foxfire!
You conjure some foxfire!
The foxfire hits Pikel.
Pikel is lightly wounded.
You conjure some foxfire!
The foxfire hits Pikel.
Pikel is lightly wounded.
The foxfire hits Pikel.
Pikel is lightly wounded.
The foxfire hits Pikel.
Pikel is moderately wounded.
You conjure some foxfire!
The foxfire hits Pikel.
Pikel is moderately wounded.
The foxfire hits Pikel but does no damage.
Pikel is moderately wounded.
Pikel hits you with a +2 whip of electrocution!
You conjure some foxfire!
The foxfire hits Pikel.
Pikel is heavily wounded.
The foxfire hits Pikel but does no damage.
Pikel is heavily wounded.
Pikel closely misses you.
You conjure some foxfire!
The foxfire hits Pikel but does no damage.
Pikel is heavily wounded.
Pikel closely misses you.
You conjure some foxfire!
The foxfire hits Pikel but does no damage.
Pikel is heavily wounded.
The foxfire hits Pikel!
Pikel is severely wounded.
The foxfire hits Pikel.
Pikel is severely wounded.
Pikel hits you with a +2 whip of electrocution.
You conjure some foxfire!
The foxfire hits Pikel but does no damage.
Pikel is severely wounded.
The foxfire hits Pikel.
Pikel is almost dead.
The lemure hits you.
Pikel hits you with a +2 whip of electrocution!
You are electrocuted!!
You die...

####.### #.#.##.#.###.# .#
#.# #............##.# #.#
###.######....... #.# ##+##
#.###..# #.# ##(..## #.#
#.## ###.#####.....##
#.###.##
##..............###.......
##......#v........####...##
#.......+v@K......'.......5
##...##.#§.5##########>.K##
##.###.##.## ##..#
#........## ##.# #>########
#.# #.# #.# #.# ##. #.# .
#.# .


You could see Pikel (ally target) and a lemure.

Vanquished Creatures
  Eustachio (D:4)
  An acid dragon (D:5)
  A lemure (D:4)
  A scorpion (D:4)
  3 water moccasin skeletons (D:4)
  A hound (D:5)
  An orc wizard (D:3)
  Ijyb (D:3)
  Robin (D:4)
  7 adders
  2 worms (D:4)
  A dart slug (D:2)
  8 orcs
  3 ball pythons
  9 endoplasms
  A giant cockroach (D:4)
  9 goblins
  5 hobgoblins
  3 quokkas
  4 bats
  3 frilled lizards
  10 kobolds
  5 rats
81 creatures vanquished.

Vanquished Creatures (collateral kills)
  A foxfire (D:4)
1 creature vanquished.

Vanquished Creatures (others)
  362 foxfires
362 creatures vanquished.

Grand Total: 444 creatures vanquished

Notes
Turn   | Place    | Note
-------+----------+-------------------------------------------
     0 | D:1      | Akaron the Octopode Fire Elementalist began the quest for
                  | the Orb.
     0 | D:1      | Reached XP level 1. HP: 11/11 MP: 3/3
   153 | D:1      | Found a faded altar of an unknown god.
   599 | D:1      | Reached XP level 2. HP: 13/17 MP: 0/5
   602 | D:1      | Learned a level 2 spell: Scorch
  1127 | D:2      | Reached XP level 3. HP: 11/21 MP: 0/6
  1512 | D:2      | Learned a level 3 spell: Conjure Flame
  2191 | D:3      | Reached XP level 4. HP: 27/27 MP: 5/7
  2234 | D:3      | Noticed Ijyb
  2241 | D:3      | Killed Ijyb
  2347 | D:3      | Reached skill level 4 in Fire Magic
  2347 | D:3      | Reached XP level 5. HP: 12/31 MP: 5/9
  3093 | D:4      | Noticed a lemure
  3093 | D:4      | Noticed a lemure
  3126 | D:4      | Noticed Eustachio
  3561 | D:3      | Learned a level 4 spell: Flame Wave
  3566 | D:4      | Reached XP level 6. HP: 36/36 MP: 8/11
  3602 | D:4      | Noticed Pikel
  3658 | D:4      | Killed Eustachio
  4137 | D:4      | Reached skill level 1 in Short Blades
  4137 | D:4      | Reached XP level 7. HP: 41/41 MP: 3/12
  4216 | D:4      | Noticed Robin
  4229 | D:4      | Killed Robin
  4853 | D:4      | Found a runed translucent door.
  4853 | D:4      | Noticed Menkaure
  4995 | D:5      | Entered Level 5 of the Dungeon
  5076 | D:5      | Reached skill level 5 in Fire Magic
  5259 | D:4      | Slain by Pikel

Illustrated notes

Levels and vault maps discovered:
D:1:      minmay_arrival_arboretum_small, layout_basic,
          ebering_ecumenical_altar_sacrificial, minmay_pentomino_v2
D:2:      layout_rooms
D:3:      wander_river, layout_rooms, st_stairs_13, minmay_misc_feat_ornament,
          lemuel_another_geyser, uniq_ijyb
D:4:      layout_loops_corners, kennysheep_potato, uniq_eustachio,
          uniq_crazy_yiuf_cottage, uniq_menkaure, uniq_pikel, uniq_robin
D:5:      layout_gridville, minmay_temple_entry_slanted, ebering_ghost_sewer_d

Skill      XL: |  1  2  3  4  5  6  7 |
---------------+----------------------+-----
Conjurations   | 2 3 |  3.8
Fire Magic     | 4 5 |  5.0
Spellcasting   | 3 4 |  4.3
Dodging        | 3 |  3.7
Short Blades   | 1 |  1.6
Fighting       | |  0.4
Stealth        | |  2.6

Action                   |  1- 3 |  4- 6 |  7- 9 || total
-------------------------+-------+-------+-------++-------
Melee: Unarmed           |     6 |       |       ||     6
       Tentacles         |     2 |     1 |       ||     3
       Constrict         |     1 |       |       ||     1
       Dagger            |     1 |     3 |       ||     4
 Cast: Foxfire           |    65 |    79 |    68 ||   212
       Scorch            |       |     1 |     2 ||     3
  Use: Scroll            |       |       |     2 ||     2
       Potion            |       |       |     1 ||     1
 Stab: Sleeping          |       |     1 |       ||     1
Armor: Skin              |     3 |     3 |     1 ||     7
Dodge: Dodged            |    17 |    34 |    44 ||    95
